 Dungeon Crawl Stone Soup version 0.29-a0-542-g075992c915 (webtiles) character file.

Game seed: 8657781259702442170

61 oldriver the Skirmisher (level 3, -7/32 HPs)
             Began as a Palentonga Delver on June 4, 2022.
             Mangled by an iguana (10 damage)
             ... on level 4 of the Dungeon.
             The game lasted 00:01:25 (791 turns).

oldriver the Skirmisher (Palentonga Delver)          Turns: 791, Time: 00:01:26

Health: -7/32      AC:  4    Str: 17    XL:     3   Next: 83%
Magic:  3/3        EV:  9    Int: 10    God:
Gold:   110        SH:  0    Dex: 11    Spells: 2/2 levels left

rFire   . . .      SeeInvis +   a - +0 hand axe
rCold   . . .      Faith    .   (no shield)
rNeg    . . .      Spirit   .   b - +0 leather armour
rPois   .          Reflect  .   (no helmet)
rElec   .          Harm     .   (no cloak)
rCorr   .          Rampage  .   (no gloves)
Will    .....                   (no barding)
Stlth   ++........              (no amulet)
HPRegen 0.10/turn               (no ring)
MPRegen 0.08/turn               (no ring)

@: no status effects
A: large, rugged brown scales 3, see invisible, deformed body, roll 1, armoured
tail
a: Rolling Charge


You were on level 4 of the Dungeon.
You visited 1 branch of the dungeon, and saw 2 of its levels.

You collected 110 gold pieces.

Inventory:

Hand Weapons
 a - a +0 hand axe (weapon)
Missiles
 f - 4 curare-tipped darts
Armour
 b - a +0 leather armour (worn)
Wands
 g - a wand of digging (3)
Scrolls
 c - a scroll of fog
 d - a scroll of magic mapping
 e - a scroll of fear
 h - a scroll of identify {unknown}


   Skills:
 + Level 3.6 Fighting
 * Level 3.6 Axes
 - Level 1.5 Dodging
 - Level 3.3 Stealth


You had 2 spell levels left.
You didn't know any spells.
Your spell library was empty.

Dungeon Overview and Level Annotations

Branches:
Dungeon (5/15)
 Temple: D:4-7

Altars:


Innate Abilities, Weirdness & Mutations

You are completely covered in rugged brown scales. (AC +3, +7% HP)
You have supernaturally acute eyesight. (SInv)
Armour fits poorly on your strangely shaped body.
You can roll at nearby foes to attack.
You have a long armoured tail.


Message History

You now have 110 gold pieces (gained 14).
An iguana comes into view.
An iguana is nearby!
An iguana is nearby!
The iguana hisses angrily.
You roll forward with a clatter of scales!
You hit the iguana but do no damage. You punch the iguana.
The iguana is lightly wounded.
The iguana completely misses you. The iguana barely misses you.
You hit the iguana.
The iguana is moderately wounded.
The iguana bites you!
You hit the iguana.
The iguana is moderately wounded.
The iguana closely misses you.
You barely miss the iguana.
The iguana is moderately wounded.
The iguana bites you.
You barely miss the iguana.
The iguana is moderately wounded.
The iguana bites you!
* * * LOW HITPOINT WARNING * * *
You barely miss the iguana.
The iguana is moderately wounded.
The iguana closely misses you.
You barely miss the iguana.
The iguana is moderately wounded.
The iguana closely misses you.
You aren't carrying any potions.
You hit the iguana.
The iguana is heavily wounded.
The iguana closely misses you.
You hit the iguana but do no damage.
The iguana is heavily wounded.
The iguana barely misses you. The iguana bites you.
* * * LOW HITPOINT WARNING * * *
You barely miss the iguana.
The iguana is heavily wounded.
The iguana bites you!
You die...

#...........#
######......#
#......#
##.##### #.#
#.# #.#
#.##########
#...@l......
#.##########
###


You could see an iguana.

Vanquished Creatures
  A hound (D:5)
  An adder (D:5)
  A shadow imp (D:5)
  6 orcs
  An endoplasm (D:4)
  A goblin (D:4)
  A hobgoblin (D:4)
12 creatures vanquished.

Notes
Turn   | Place    | Note
-------+----------+-------------------------------------------
     0 | D:5      | oldriver the Palentonga Delver began the quest for the Orb.
     0 | D:5      | Reached XP level 1. HP: 19/19 MP: 1/1
   126 | D:5      | Noticed an ice beast
   185 | D:5      | Noticed a hound
   232 | D:5      | Noticed a necrophage
   281 | D:5      | Noticed a hound
   297 | D:5      | Killed a hound
   298 | D:5      | Reached XP level 2. HP: 19/25 MP: 2/2
   301 | D:5      | Reached XP level 3. HP: 17/31 MP: 3/3
   510 | D:5      | Noticed a wyvern
   791 | D:4      | Mangled by an iguana

Illustrated notes

Levels and vault maps discovered:
D:4:      layout_basic, lemuel_temple_firewalk_b, uniq_robin,
          uniq_crazy_yiuf_cottage
D:5:      layout_basic

Skill      XL: |  1 |
---------------+----+-----
Axes           | 3 |  3.6
Fighting       | |  3.6
Dodging        | |  1.5
Stealth        | |  3.3

Action                   || total
-------------------------++-------
Melee: Hand axe          ||    38
       Tailslap          ||     6
       Punch             ||     1
 Abil: Rolling Charge    ||     6
  Use: Potion            ||     1
Armor: Leather armour    ||     9
Dodge: Dodged            ||    23

Table legend: (Time is in decaauts)
 A = Elapsed time spent in this place.
 B = Non-inter-level travel time spent in this place.
 C = Inter-level travel time spent in this place.
 D = Time resting spent in this place.
 E = Time spent auto-exploring this place.
 F = Levels seen in this place.
 G = Mean time per level.
                   A        B        C        D        E       F      G
               +--------+--------+--------+--------+--------+-----+--------+
         Total |    778 |    695 |     83 |    323 |    103 |   2 |  389.0 |
       Dungeon |    778 |    695 |     83 |    323 |    103 |   2 |  389.0 |
               +--------+--------+--------+--------+--------+-----+--------+

Top non-repeatable levels by time:
     D:5: 496 daAuts
     D:4: 281 daAuts
